 Dungeon Crawl Stone Soup version 0.18-a0-1576-g2b87869 (webtiles) character file.

704 Oddball22 the Magician (level 7, -4/36 HPs)
             Began as a Deep Elf Summoner on Mar 17, 2016.
             Was a Follower of Sif Muna.
             Slain by a centaur (10 damage)
             ... on level 6 of the Dungeon.
             The game lasted 00:18:33 (6804 turns).

Oddball22 the Magician (Deep Elf Summoner)          Turns: 6804, Time: 00:18:33

Health: -4/36      AC:  3    Str:  5    XL:     7   Next: 39%
Magic:  12/18      EV: 14    Int: 22    God:    Sif Muna [*.....]
Gold:   335        SH:  0    Dex: 15    Spells: 6 memorised, 2 levels left

rFire  + + .     SeeInvis .     m - +2 quarterstaff (chaos)
rCold  + . .     Gourm    .     a - +0 robe
rNeg   . . .     Faith    .     (shield currently unavailable)
rPois  +         Spirit   .     (no helmet)
rElec  +         Dismiss  .     n - +0 cloak
rCorr  +         Reflect  .     (no gloves)
SustAt .         Harm     .     (no boots)
MR     .....                    (no amulet)
Stlth  ++........               B - ring of poison resistance
                                C - ring of protection from fire

@: resistant, not resistant to hostile enchantments, unstealthy
A: no striking features
a: Channel Energy, Renounce Religion


You were on level 6 of the Dungeon.
You worshipped Sif Muna.
Sif Muna was aware of your devotion.
You were very hungry.

You visited 1 branch of the dungeon, and saw 6 of its levels.

You collected 335 gold pieces.

Inventory:

Hand Weapons
 m - a +2 quarterstaff of chaos (weapon)
Armour
 a - a +0 robe (worn)
 n - a +0 cloak (worn)
Jewellery
 d - an uncursed ring of fire
 B - a ring of poison resistance (right hand)
 C - a ring of protection from fire (left hand)
Wands
 y - a wand of slowing (16/48)
 D - a wand of polymorph (13/24)
Scrolls
 e - a scroll of magic mapping {unknown}
 f - a scroll of blinking {unknown}
 h - 5 scrolls of identify {unknown}
 i - 3 scrolls of random uselessness {unknown}
 j - 3 scrolls of remove curse {unknown}
 k - 2 scrolls of fear {unknown}
 l - 2 scrolls of recharging {unknown}
 o - 2 scrolls of immolation {unknown}
 t - 2 scrolls of teleportation {unknown}
 w - 2 scrolls of enchant armour {unknown}
 x - a scroll of noise {unknown}
 z - 2 scrolls of fog {unknown}
 E - a scroll of amnesia {unknown}
Potions
 g - 3 potions of resistance
 s - a potion of flight {unknown}
 v - a potion of brilliance {unknown}
Books
 b - a book of Callings

   Spells                             Type                      Level
   a - Summon Small Mammal            Summoning                    1
   b - Call Imp                       Summoning                    2
   c - Call Canine Familiar           Summoning                    3
   d - Summon Guardian Golem          Hexes/Summoning              3
   e - Summon Lightning Spire         Summoning/Air                4
   f - Summon Ice Beast               Ice/Summoning                4
 u - a book of Clouds

   Spells                             Type                      Level
   a - Mephitic Cloud                 Conjuration/Poison/Air       3
   b - Conjure Flame                  Conjuration/Fire             3
   c - Poisonous Cloud                Conjuration/Poison/Air       6
   d - Freezing Cloud                 Conjuration/Ice/Air          6
   e - Ring of Flames                 Charms/Fire                  7
Comestibles
 c - 5 bread rations
 r - 2 beef jerkies
 A - a meat ration


   Skills:
 + Level 4.5 Dodging
 - Level 2.4 Stealth
 - Level 6.5 Spellcasting
 + Level 3.0 Hexes
 * Level 6.5 Summonings
 + Level 2.0 Ice Magic
 + Level 1.9 Air Magic


You had 2 spell levels left.
You knew the following spells:

 Your Spells              Type           Power        Failure   Level  Hunger
a - Summon Small Mammal   Summ           ####         1%          1    None
b - Call Imp              Summ           #####...     1%          2    None
c - Call Canine Familiar  Summ           #####...     1%          3    #......
d - Summon Guardian Gole  Hex/Summ       ####....     4%          3    #......
e - Summon Ice Beast      Ice/Summ       ####....     17%         4    ###....
f - Summon Lightning Spi  Summ/Air       ####....     17%         4    ###....


Dungeon Overview and Level Annotations

Branches:
Dungeon (6/15)
 Temple: D:4-7

Altars:
Cheibriados
Fedhas
Makhleb
Nemelex Xobeh
Pakellas
Qazlal
Sif Muna
Zin


Message History

Your hound bites the adder.
The centaur shoots an arrow.
The arrow completely misses you. The adder bites you.
* * * LOW HITPOINT WARNING * * *
Drink which item? (? for menu, Esc to quit)
It was a potion of curing.
You feel better.
Your hound barely misses the adder.
The centaur drinks a potion.
The centaur flickers and vanishes!
Deactivating autopickup; reactivate with Ctrl-A.
The adder bites you but does no damage.
Your hound completely misses the adder.
Drink which item? (? for menu, Esc to quit)
You feel better.
Your hound completely misses the adder.
The adder bites you.
You are poisoned.
The adder poisons you! Something hits you.
* * * LOW HITPOINT WARNING * * *
Drink which item? (? for menu, Esc to quit)
You feel better.
Your hound barely misses the adder.
The adder barely misses you. Something hits you.
* * * LOW HITPOINT WARNING * * *
Your hound barely misses the adder.
The adder bites you but does no damage. Something hits you!
You die...

.≈≈≈###..........####
...≈≈##..............
...≈≈#..........####
#..≈##.........#
#..≈≈#.........#
#..h≈#...#...#.##
#.S.≈#.####....>#
#.#{(..'.# #.....#
#.8@.≈#######....#
≈.......≈≈#
#.'_#....###
≈≈≈....≈≈##
#.###......<
##≈≈≈≈≈≈##
#.##.....### ########
#..(.....# ####.....#
#.....# #.....#
#######


You could see an adder, a friendly lightning spire and a friendly hound.

Vanquished Creatures
  A howler monkey (D:4)
  A giant frog zombie (D:5)
  A hound (D:5)
  An orc priest (D:3)
  2 orc wizards
  A worker ant (D:6)
  A gnoll (D:4)
  An adder (D:3)
  A shadow imp (D:5)
  9 orcs
  A ball python (D:4)
  A bat (D:1)
  3 giant cockroaches
  A goblin (D:2)
  2 hobgoblins (D:3)
  3 kobolds (D:3)
  3 quokkas
  A ball python skeleton (D:5)
  A giant gecko zombie (D:6)
  3 giant newts
  A quokka skeleton (D:6)
  4 rats
  A fungus (D:2)
44 creatures vanquished.

Vanquished Creatures (collateral kills)
  A black bear (D:6)
  2 ogres (D:4)
  A giant frog (D:6)
  Blork the orc (D:6)
  An orc priest (D:4)
  3 iron imps (D:3)
  Jessica (D:2)
  Crazy Yiuf (D:2)
  An iguana (D:4)
  Terence (D:2)
  2 orc wizards (D:3)
  A worker ant zombie (D:5)
  3 gnolls
  2 adders (D:2)
  A shadow imp (D:6)
  2 worms
  4 dart slugs
  2 giant geckos (D:2)
  11 orcs
  2 giant cockroaches (D:1)
  12 goblins
  7 hobgoblins
  15 jackals
  7 kobolds
  A quokka (D:2)
  10 bats
  2 giant newts (D:1)
  A jackal zombie (D:6)
  4 rats
102 creatures vanquished.

Vanquished Creatures (others)
  A lightning spire (D:4)
  A bush (D:4)
2 creatures vanquished.

Grand Total: 148 creatures vanquished

Notes
Turn   | Place    | Note
--------------------------------------------------------------
     0 | D:1      | Oddball22 the Deep Elf Summoner began the quest for the Orb.
     0 | D:1      | Reached XP level 1. HP: 10/10 MP: 6/6
   479 | D:1      | Reached XP level 2. HP: 15/15 MP: 5/8
   504 | D:1      | Learned a level 2 spell: Call Imp
  1422 | D:1      | Reached XP level 3. HP: 16/19 MP: 10/10
  1501 | D:1      | Learned a level 3 spell: Call Canine Familiar
  1505 | D:1      | Learned a level 3 spell: Summon Guardian Golem
  1675 | D:2      | Noticed Terence
  1695 | D:2      | Killed Terence
  2155 | D:2      | Reached skill level 5 in Summonings
  2333 | D:2      | Reached XP level 4. HP: 22/24 MP: 4/12
  2618 | D:2      | Noticed Jessica
  2630 | D:2      | Killed Jessica
  2630 | D:2      | Reached skill level 5 in Spellcasting
  2686 | D:2      | Found a blossoming altar of Fedhas.
  2983 | D:2      | Noticed Crazy Yiuf
  2992 | D:2      | Killed Crazy Yiuf
  3122 | D:3      | Found a burning altar of Makhleb.
  3186 | D:3      | Reached XP level 5. HP: 28/28 MP: 3/15
  3547 | D:3      | Found a deep blue altar of Sif Muna.
  3555 | D:3      | Became a worshipper of Sif Muna the Loreminder
  3561 | D:3      | Learned a level 4 spell: Summon Ice Beast
  4053 | D:3      | Found a stormy altar of Qazlal.
  4200 | D:3      | Found a snail-covered altar of Cheibriados.
  4226 | D:3      | Reached XP level 6. HP: 32/32 MP: 17/17
  4235 | D:3      | Learned a level 4 spell: Summon Lightning Spire
  4712 | D:4      | Reached skill level 1 in Hexes
  4760 | D:4      | Reached skill level 1 in Ice Magic
  4990 | D:4      | Found an oddly glowing altar of Pakellas.
  4991 | D:4      | Noticed a deep elf annihilator
  5111 | D:4      | Reached skill level 1 in Air Magic
  5473 | D:5      | Entered Level 5 of the Dungeon
  5717 | D:5      | Found a sparkling altar of Nemelex Xobeh.
  6040 | D:5      | Reached XP level 7. HP: 36/36 MP: 18/18
  6269 | D:5      | Reached * piety under Sif Muna
  6292 | D:6      | Noticed Blork the orc
  6297 | D:6      | Killed Blork the orc
  6777 | D:6      | Found a glowing silver altar of Zin.
  6804 | D:6      | Slain by a centaur

Vault maps used:
D:1:      shiori_arrival_maze
D:2:      fedhas_altar_4, uniq_crazy_yiuf_cottage, uniq_jessica, uniq_terence
D:3:      grunt_qazlal_clouds, demons_altar, tgw_sif, cheibriados_altar_wand_db,
          first_bread
D:4:      gammafunk_pakellas_spire_experiment
D:5:      overflow_temple_1_default
D:6:      lemuel_coloured_pillars_altar, kennysheep_mini, minmay_fountain_box,
          kennysheep_potato, uniq_blork_the_orc

Skill      XL: |  1  2  3  4  5  6  7 |
---------------+----------------------+-----
Spellcasting   | 4 5 6 |  6.5
Summonings     | 5 6 |  6.5
Dodging        | 3 4 |  4.5
Hexes          | 2 3 |  3.0
Ice Magic      | 1 2 |  2.0
Air Magic      | 1 |  1.9
Stealth        | |  2.4

Action                   |  1- 3 |  4- 6 |  7- 9 || total
-------------------------+-------+-------+-------++-------
Melee: Unarmed           |    77 |    71 |       ||   148
       Quarterstaff      |       |   114 |    17 ||   131
 Cast: Summon Small Mamm |    32 |       |       ||    32
       Call Imp          |    27 |    23 |     1 ||    51
       Call Canine Famil |     7 |    24 |     5 ||    36
       Summon Lightning  |       |     4 |     3 ||     7
  Use: Potion            |       |       |     4 ||     4
 Stab: Sleeping          |     2 |     3 |       ||     5
       Distracted        |     2 |       |       ||     2
       Petrified         |       |     1 |       ||     1
  Eat: Chunk             |     5 |    13 |     2 ||    20
